 Dungeon Crawl Stone Soup version 0.20.0-10-g0535bb4 (webtiles) character file.

531105 Kosschaser the Hoplite (level 25, -25/152 HPs)
             Began as a Vine Stalker Fighter on June 3, 2017.
             Was the Champion of Qazlal.
             Killed by a guardian mummy's death curse (27 damage)
             ... on level 3 of the Tomb of the Ancients on June 4, 2017.
             The game lasted 04:52:04 (40631 turns).

Kosschaser the Hoplite (Vine Stalker Fighter)      Turns: 40631, Time: 04:52:05

Health: -25/152    AC: 37    Str: 28    XL:     25   Next: 64%
Magic:  0/42       EV: 16    Int:  9    God:    Qazlal [******]
Gold:   4913       SH:  0    Dex: 26    Spells: 29/37 levels left

rFire    + . .     SeeInvis +   C - +8 long sword of Koceqy {holy, rF+ Str+6}
rCold    + . .     Gourm    .   W - +18 shield of the Gong {rElec rN+ MR+ EV-5}
rNeg     + + +     Faith    .   G - +10 plate armour {MR+}
rPois    +         Spirit   +   h - +2 hat
rElec    +         Reflect  +   t - +1 cloak of Starlight {rElec rC+ EV+4 Stlth--}
rCorr    .         Harm     .   N - +2 pair of gloves of the Castellan {rN+ Regen+ Int+3}
MR       +++++                  I - +2 pair of boots
Stlth    ..........             Q - +5 amulet of reflection
Regen    1.6/turn               M - ring "Nooboel" {+Fly MP+9 Str+3 SInv}
MPRegen  0.3/turn               z - ring of positive energy

@: confused, silence, slowed, studying 2 skills, repel missiles, very slow
A: fangs 3, talons 1, rugged brown scales 1, dopey 1, poison resistance,
regeneration 2, robust 1, electricity resistance, magic shield, antimagic bite,
no potion heal 3, rot immunity
}: 3/15 runes: decaying, serpentine, silver
a: Renounce Religion, Evoke Flight


You were on level 3 of the Tomb of the Ancients.
You worshipped Qazlal.
Qazlal was exalted by your worship.
You were not hungry.

You visited 10 branches of the dungeon, and saw 44 of its levels.
You also visited: Ossuary and Ice Cave.

You collected 7889 gold pieces.
You spent 2976 gold pieces at shops.

Inventory:

Hand Weapons
 j - a +2 triple sword of slicing
 C - the +8 long sword of Koceqy (weapon) {holy, rF+ Str+6}
   (You found it on level 1 of the Swamp)

   It has been blessed by the Shining One to cause great damage to the undead
   and demons.
   It affects your strength (+6).
   It protects you from fire.
 O - a +9 falchion of flaming
Armour
 h - a +2 hat (worn)
 t - the +1 cloak of Starlight (worn) {rElec rC+ EV+4 Stlth--}
   (You bought it in a shop on level 1 of the Vaults)

   It affects your evasion (+4).
   It protects you from cold.
   It insulates you from electricity.
   It makes you much less stealthy.
 G - a +10 plate armour of magic resistance (worn)
 I - a +2 pair of boots (worn)
 N - the +2 pair of gloves of the Castellan (worn) {rN+ Regen+ Int+3}
   (You found it in an ice cave)

   It affects your intelligence (+3).
   It protects you from negative energy.
   It increases your rate of regeneration.
 V - a scarf of resistance
 W - the +18 shield of the Gong (worn) {rElec rN+ MR+ EV-5}
   (You found it on level 3 of the Lair of Beasts)

   It affects your evasion (-5).
   It insulates you from electricity.
   It protects you from negative energy.
   It affects your resistance to hostile enchantments.
Jewellery
 k - the ring of the Turtle {rElec EV+2 Int+4}
   (You found it on level 11 of the Dungeon)

   [ring of evasion]

   It affects your evasion (+2).
   It affects your intelligence (+4).
   It insulates you from electricity.
 z - a ring of positive energy (right hand)
 B - an uncursed ring of resist corrosion
 M - the ring "Nooboel" (left hand) {+Fly MP+9 Str+3 SInv}
   (You found it in an ice cave)

   [ring of magical power]

   It affects your strength (+3).
   It affects your magic capacity (+9).
   It lets you see invisible.
   It lets you fly.
 Q - a +5 amulet of reflection (around neck)
Wands
 g - a wand of digging (9/24)
 A - a wand of paralysis (11/24)
Scrolls
 b - 9 scrolls of magic mapping
 i - 9 scrolls of recharging
 m - 2 scrolls of enchant armour
 o - 2 scrolls of enchant weapon
 s - 6 scrolls of blinking
 w - 7 scrolls of amnesia
 y - 10 scrolls of remove curse
 D - 8 scrolls of identify
 E - 7 scrolls of teleportation
 F - 2 scrolls of silence
 P - 8 scrolls of fog
 Z - 3 scrolls of fear
Potions
 d - 8 potions of might
 e - 11 potions of haste
 l - 3 potions of resistance
 p - 7 potions of ambrosia
 q - 21 potions of curing
 u - 6 potions of berserk rage
 x - 5 potions of brilliance
 H - 6 potions of magic
 K - 2 potions of invisibility
 R - 6 potions of cancellation
 U - 6 potions of agility
Books
 a - a book of Flames

   Spells                             Type                      Level
   a - Flame Tongue                   Conjuration/Fire             1
   b - Throw Flame                    Conjuration/Fire             2
   c - Conjure Flame                  Conjuration/Fire             3
   d - Inner Flame                    Hexes/Fire                   3
   e - Sticky Flame                   Conjuration/Fire             4
   f - Fireball                       Conjuration/Fire             5
 J - a manual of Dodging
 L - a Young Poisoner's Handbook

   Spells                             Type                      Level
   a - Sting                          Conjuration/Poison           1
   b - Poisonous Vapours              Poison/Air                   2
   c - Mephitic Cloud                 Conjuration/Poison/Air       3
   d - Olgreb's Toxic Radiance        Poison                       4
   e - Venom Bolt                     Conjuration/Poison           5
 X - a manual of Conjurations
Miscellaneous
 c - a lightning rod (4/4)
Comestibles
 f - 29 bread rations
 n - 23 meat rations
 r - 19 royal jellies
 v - 44 fruits


   Skills:
 + Level 15.1 Fighting
 + Level 16.9 Long Blades
 + Level 11.0 Armour
 + Level 11.0 Dodging
 + Level 25.5 Shields
 - Level 6.6 Spellcasting
 - Level 9.6 Conjurations
 - Level 6.5 Fire Magic
 - Level 8.8 Invocations
 + Level 2.3 Evocations


You had 29 spell levels left.
You knew the following spells:

 Your Spells              Type           Power        Failure   Level  Hunger
a - Conjure Flame         Conj/Fire      ###.....     17%         3    ###....
b - Fireball              Conj/Fire      ###.......   83%         5    ######.


Dungeon Overview and Level Annotations

Branches:
Dungeon (13/15)            Temple (1/1) D:7            Lair (6/6) D:9
  Swamp (4/4) Lair:3        Snake (4/4) Lair:2        Slime (0/5) Lair:5
    Orc (2/2) D:10            Elf (3/3) Orc:2        Vaults (5/5) D:13
  Crypt (3/3) Vaults:2       Tomb (3/3) Crypt:3

Altars:
Ashenzari
Cheibriados
Dithmenos
Elyvilon
Fedhas
Gozag
Hepliaklqana
Kikubaaqudgha
Makhleb
Nemelex Xobeh
Okawaru
Qazlal
Ru
Sif Muna
Trog
Vehumet
Xom
Yredelemnul
Zin
The Shining One
Jiyva

Shops:
Orc:2 *=(=:   Elf:1 *:   Vaults:1 [[   Vaults:3 %   Vaults:4 *   Vaults:5 :

Annotations:
D:10 sno
Tomb:2 Jorgrun
Tomb:3 Chifra's ghost, legendary MiFi


Innate Abilities, Weirdness & Mutations

You have razor-sharp teeth.
You heal very quickly.
When hurt, damage is shared between your health and your magic reserves.
Your bite disrupts and absorbs the magic of your enemies.
Potions cannot restore your health.
You are immune to rotting.
You have sharp toenails.
You are partially covered in rugged brown scales. (AC +1, +3% HP)
You are dopey. (Int -2)
Your system is resistant to poisons. (rPois)
You are robust. (+10% HP)
You are resistant to electric shocks. (rElec)


Message History

You block the death scarab's attack. You block the jiangshi's attack.
The jiangshi claws you.
The jiangshi claws you but does no damage. x2
The guardian mummy is engulfed in blazing flames.
A guardian mummy comes into view.
You are confused.
Your system rejects the healing.
You feel invigorated.
The death scarab bites you but does no damage.
The jiangshi claws you!
* * * LOW HITPOINT WARNING * * *
The jiangshi claws you but does no damage.
The flying skull misses you. The jiangshi misses you.
The jiangshi claws you but does no damage.
The flying skull hits you but does no damage.
The guardian mummy is engulfed in blazing flames.
You destroy the guardian mummy!
Qazlal accepts your kill.
You feel extremely nervous for a moment...
You convulse helplessly as pain tears through your body!
You die... ######## #@V§MM.# #szWzW.# #bsMW..# #MMMMW.# #sMWWM8# #MWWWzz# .MMMMMZW'Z ..#zsWMMM#.. ...M#.M8.MM# .

You could see a greater mummy, 2 emperor scorpions, a bennu, 4 mummy priests, a jiangshi, 4 shadow wraiths, 11 guardian mummies, an ushabti, a freezing wraith, a spectral ettin, 2 hungry ghosts, 3 wraiths, 2 death scarabs, 5 flying skulls, 2 mummies, Chifra's ghost and a manticore simulacrum.

Vanquished Creatures
  3 ancient liches
  3 greater mummies (Tomb:1)
  Sojobo (Crypt:3)
  Bai Suzhen (Snake:3)
  Saint Roka (Elf:3)
  Vashnia (Snake:3)
  A curse toe (Crypt:3)
  A golden dragon (Vaults:5)
  Nikola (Snake:3)
  A bone dragon (Crypt:3)
  An Ice Fiend (IceCv)
  4 tentacled monstrosities (Vaults:5)
  Asterion (Snake:1)
  4 liches
  2 deep elf blademasters (Elf:3)
  2 titans (Vaults:5)
  4 large abominations (Vaults:5)
  9 sphinxes
  6 tengu reavers
  9 ancient champions
  Kirke (Snake:3)
  A revenant (Crypt:3)
  A shadow dragon (Vaults:5)
  Agnes (Snake:1)
  The ghost of Chiseanne the Peltast, an adept MiFi of Makhleb (Swamp:2)
  5 frost giants
  An azure jelly (shapeshifter) (Vaults:5)
  2 fire giants
  3 iron dragons (Vaults:5)
  7 nagarajas (Snake:4)
  6 deep elf sorcerers
  Louise (Snake:3)
  21 vault wardens
  5 curse skulls
  Aizul (Swamp:3)
  4 deep elf elementalists
  16 ironheart preservers
  3 very ugly things (Vaults:5)
  12 ghouls
  8 stone giants
  A vampire knight (Crypt:2)
  2 entropy weavers (Lair:5)
  4 deep elf demonologists
  4 deep elf annihilators (Elf:3)
  2 bennus (Tomb:1)
  9 ettins (Vaults:5)
  5 eidola
  6 fire dragons
  Snorg (D:10)
  5 deep elf high priests
  9 jiangshi
  9 deep elf death magi
  14 ogre magi
  Josephine (Lair:4)
  16 yaktaur captains
  13 mummy priests
  3 great orbs of eyes
  14 naga warriors
  3 ice dragons
  2 rakshasas
  32 vault guards
  3 death knights
  14 hydras
  A ghost crab (Swamp:2)
  8 anacondas
  3 alligators
  A queen ant (Lair:5)
  A deep troll shaman (Vaults:5)
  19 dancing weapons
  34 death scarabs
  2 deep troll earth magi
  44 two-headed ogres
  2 orc high priests
  6 shock serpents
  A shock serpent (shapeshifter) (Elf:1)
  3 vampire magi
  15 death yaks
  A storm dragon zombie (Vaults:4)
  12 naga sharpshooters
  2 soul eaters
  20 deep elf knights
  A fire crab (shapeshifter) (Elf:3)
  4 shadow wraiths
  25 skeletal warriors
  A golden dragon zombie (Crypt:1)
  A ghost moth zombie (Tomb:1)
  An entropy weaver zombie (Crypt:1)
  5 small abominations
  An unseen horror (shapeshifter) (Vaults:5)
  2 glowing orange brains
  2 unseen horrors (D:13)
  4 flayed ghosts
  8 deep trolls
  3 lindwurms
  11 swamp dragons
  2 wizards (Vaults:3)
  18 ironbrand convokers
  15 deep elf archers
  5 phantasmal warriors
  5 naga ritualists
  18 orc knights
  A tengu zombie (Vaults:2)
  4 harpies
  5 necromancers
  52 deep elf magi
  A stone giant zombie (Vaults:4)
  3 orc sorcerers
  6 mana vipers
  A manticore (D:13)
  A manticore (shapeshifter) (Vaults:4)
  13 ugly things
  5 salamanders
  2 tengu skeletons (Vaults:4)
  2 oklob plants
  7 wolf spiders
  2 iron dragon zombies
  A moth of wrath (shapeshifter) (Vaults:5)
  2 cyclopes
  A fire giant zombie (Crypt:1)
  A frost giant skeleton (Crypt:2)
  An ice statue (IceCv)
  A black mamba (shapeshifter) (Vaults:5)
  17 vault sentinels
  11 elephants
  A guardian serpent (shapeshifter) (Vaults:1)
  21 naga magi
  A fire giant skeleton (Vaults:2)
  7 torpor snails
  A guardian serpent (Lair:6)
  33 black mambas
  An alligator snapping turtle zombie (Crypt:3)
  20 spiny frogs
  2 rime drakes
  6 komodo dragons
  13 freezing wraiths
  A red draconian zombie (Crypt:2)
  31 yaktaurs
  3 anaconda simulacra (IceCv)
  13 guardian mummies
  6 ice devils (IceCv)
  A golden dragon simulacrum (IceCv)
  10 trolls
  A meliai (D:13)
  13 tyrant leeches
  A meliai (shapeshifter) (Vaults:1)
  A polar bear (Lair:6)
  26 hornets
  8 bog bodies
  33 slime creatures
  An ettin zombie (Vaults:2)
  25 blink frogs
  A harpy skeleton (Tomb:1)
  18 dream sheep
  7 hippogriffs
  Grinder (D:3)
  A blink frog (shapeshifter) (Vaults:2)
  A redback (shapeshifter) (Vaults:1)
  3 dire elephant simulacra (IceCv)
  5 flying skulls
  2 air elementals (Elf:2)
  A black mamba zombie (Tomb:2)
  An ettin skeleton (Crypt:2)
  A fire elemental (Swamp:4)
  3 redbacks (Lair:6)
  5 shadows
  3 water elementals
  10 wraiths
  A spriggan (shapeshifter) (Vaults:3)
  An ice dragon skeleton (Crypt:3)
  10 spriggans
  37 yaks
  12 wyverns
  3 ushabtiu
  3 basilisks
  2 steam dragons (Swamp:4)
  2 human simulacra
  11 vampire mosquitoes
  A death yak simulacrum (IceCv)
  Edmund (D:4)
  3 iron troll simulacra (IceCv)
  5 insubstantial wisps (Swamp:1)
  10 wargs
  3 harpy simulacra (IceCv)
  A naga (shapeshifter) (Vaults:1)
  21 soldier ants (Lair:5)
  A warg (shapeshifter) (Elf:3)
  Menkaure (D:6)
  A spiny frog zombie (Crypt:1)
  2 hell hounds (D:9)
  34 swamp worms
  40 nagas
  5 hydra simulacra (IceCv)
  18 water moccasins
  5 porcupines
  9 swamp drakes
  43 ogres
  A swamp dragon zombie (Tomb:1)
  A black bear (D:7)
  2 hornet zombies (Ossuary)
  3 necrophages
  An eye of draining (D:10)
  An elf zombie (Vaults:4)
  62 orc warriors
  3 ice beasts
  6 sky beasts
  A sky beast (shapeshifter) (Vaults:3)
  A lindwurm zombie (Crypt:2)
  3 phantoms
  2 orc zombies
  2 ettin simulacra
  4 boggarts (Vaults:1)
  17 centaurs
  A hog zombie (Crypt:2)
  6 crocodiles
  A salamander zombie (Crypt:3)
  A gnoll sergeant (D:11)
  6 big kobolds
  4 earth elementals
  8 bullfrogs
  2 elf skeletons
  2 human skeletons (Vaults:4)
  A troll zombie (Crypt:1)
  A warg zombie (Crypt:3)
  A wyvern skeleton (D:13)
  A water moccasin skeleton (D:4)
  3 scorpions
  9 killer bees
  An orc simulacrum (Vaults:2)
  24 wights
  A raiju skeleton (Crypt:3)
  2 howler monkeys
  An electric eel (Lair:1)
  4 crimson imps
  2 bullfrog zombies (Ossuary)
  2 centaur zombies
  2 draconian simulacra (IceCv)
  18 orc priests
  Crazy Yiuf (D:6)
  4 hounds
  4 jellies
  23 orc wizards
  2 bullfrog skeletons
  A gnoll shaman (D:7)
  2 iguanas
  Jessica (D:3)
  A centaur skeleton (D:7)
  Natasha (thrice) (D:3)
  25 worker ants
  A polar bear simulacrum (IceCv)
  6 troll simulacra (IceCv)
  A big kobold zombie (Crypt:3)
  A naga zombie (Crypt:1)
  A centaur simulacrum (IceCv)
  A crocodile zombie (Crypt:1)
  A demigod zombie (Crypt:1)
  An ogre skeleton (Crypt:2)
  3 hound zombies
  22 mummies
  2 hound skeletons
  2 howler monkey zombies
  A worker ant zombie (Ossuary)
  9 gnolls
  2 naga simulacra (IceCv)
  2 ogre simulacra (IceCv)
  11 adders
  3 shadow imps
  10 white imps
  4 ufetubi (IceCv)
  3 adder zombies (Ossuary)
  An iguana skeleton (Crypt:2)
  12 worms
  4 dart slugs
  6 leopard geckos
  107 orcs
  5 bats (D:1)
  3 giant cockroaches
  7 goblins
  4 hobgoblins
  12 jackals
  21 kobolds
  5 quokkas
  A ball python (D:3)
  4 frilled lizards
  A jackal zombie (Ossuary)
  A quokka zombie (Ossuary)
  12 rats
  2 butterflies (Lair:5)
  6 crawling corpses
  4 plants
  A withered plant (Ossuary)
1991 creatures vanquished.

Vanquished Creatures (collateral kills)
  Donald (Swamp:1)
  A death yak (Lair:6)
  A naga sharpshooter (Snake:3)
  A yak (Lair:6)
  A naga (Snake:3)
5 creatures vanquished.

Vanquished Creatures (others)
  2 deep elf master archers (Elf:3)
  A fire giant (Vaults:5)
  An ironheart preserver (Vaults:3)
  Nessos (D:12)
  2 yaktaur captains
  A mummy priest (Tomb:1)
  2 hydras (Swamp:4)
  An alligator (Swamp:4)
  A centaur warrior (Vaults:3)
  A dancing weapon (Elf:3)
  A two-headed ogre (Vaults:1)
  26 death scarabs (Tomb:2)
  A vampire mage (Vaults:2)
  6 naga sharpshooters
  A deep elf knight (Elf:2)
  A lindwurm (Swamp:4)
  A deep elf mage (Elf:3)
  9 deep elf archers
  2 cyclopes
  2 naga magi (Snake:4)
  12 yaktaurs
  A hornet (Swamp:2)
  A harpy skeleton (Tomb:1)
  2 spriggans (Swamp:2)
  2 humans (Snake:3)
  A steam dragon (Swamp:4)
  A naga (Snake:2)
  3 swamp drakes (Swamp:4)
  A boggart (Vaults:1)
  3 centaurs
  5 mummies
  19 fungi
  39 plants
  A withered plant (Ossuary)
154 creatures vanquished.

Grand Total: 2150 creatures vanquished

Notes
Turn   | Place    | Note
-------+----------+-------------------------------------------
     0 | D:1      | Kosschaser the Vine Stalker Fighter began the quest for the Orb.
     0 | D:1      | Reached XP level 1. HP: 11/11 MP: 2/2
   128 | D:1      | Reached XP level 2. HP: 14/16 MP: 3/3
   304 | D:1      | Reached skill level 3 in Shields
   307 | D:1      | Reached XP level 3. HP: 17/20 MP: 4/4
   614 | D:1      | Reached skill level 1 in Dodging
   930 | D:2      | Found a shadowy altar of Dithmenos.
  1019 | D:2      | Gained mutation: Your natural rate of healing is unusually fast. [Vine Stalker growth]
  1019 | D:2      | Reached XP level 4. HP: 16/24 MP: 5/5
  1514 | D:3      | Noticed Jessica
  1522 | D:3      | Killed Jessica
  1522 | D:3      | Reached XP level 5. HP: 17/28 MP: 3/6
  1578 | D:3      | Noticed Natasha
  1589 | D:3      | Killed Natasha
  1641 | D:3      | Noticed Natasha
  1648 | D:3      | Killed Natasha
  1656 | D:3      | Noticed Grinder
  1783 | D:4      | Noticed Edmund
  1792 | D:4      | Reached XP level 6. HP: 32/32 MP: 7/7
  1807 | D:4      | Killed Edmund
  1990 | D:4      | Reached XP level 7. HP: 36/36 MP: 8/8
  2099 | D:4      | Found a burning altar of Makhleb.
  2099 | D:4      | Noticed a cacodemon
  2211 | D:3      | Killed Grinder
  2413 | D:3      | Noticed Natasha
  2418 | D:3      | Killed Natasha
  2749 | D:5      | Entered Level 5 of the Dungeon
  2772 | D:5      | Found a glowing golden altar of the Shining One.
  2856 | D:5      | Reached skill level 5 in Long Blades
  2856 | D:5      | Reached skill level 4 in Shields
  2933 | D:5      | Gained mutation: You have razor-sharp teeth. [Vine Stalker growth]
  2933 | D:5      | Reached XP level 8. HP: 39/42 MP: 7/9
  3309 | D:5      | Found a shattered altar of Ashenzari.
  3309 | D:5      | Found a bloodstained altar of Trog.
  3550 | D:6      | Noticed Menkaure
  3554 | D:6      | Killed Menkaure
  3568 | D:6      | Found a sacrificial altar of Ru.
  3723 | D:6      | Found Zin's Purification Station.
  3726 | D:6      | Found a glowing silver altar of Zin.
  3730 | D:6      | Bought a potion of curing for 90 gold pieces
  3896 | D:6      | Found a runed door.
  4006 | D:6      | Noticed Crazy Yiuf
  4010 | D:6      | Killed Crazy Yiuf
  4093 | D:7      | Found a sand-covered staircase.
  4101 | Ossuary  | Entered an ossuary
  4204 | Ossuary  | Reached XP level 9. HP: 37/46 MP: 8/10
  4470 | D:7      | Found a staircase to the Ecumenical Temple.
  4521 | D:7      | Reached skill level 5 in Fighting
  4576 | D:7      | Found a deep blue altar of Sif Muna.
  4789 | Temple   | Entered the Ecumenical Temple
  4804 | Temple   | Became a worshipper of Qazlal Stormbringer
  4993 | D:8      | Reached skill level 5 in Dodging
  5296 | D:8      | Gained mutation: You are robust. (+10% HP) [mutagenic meat]
  5297 | D:8      | Gained mutation: You have a somewhat thin skeletal structure. (Dex +2, Stealth) [mutagenic meat]
  5298 | D:8      | Lost mutation: You have a somewhat thin skeletal structure. (Dex +2, Stealth) [mutagenic meat]
  5299 | D:8      | Gained mutation: You are partially covered in thin metallic scales. (AC +2) [mutagenic meat]
  5385 | D:8      | Reached XP level 10. HP: 43/56 MP: 11/11
  5433 | D:8      | Reached * piety under Qazlal
  5523 | D:8      | Noticed a two-headed hydra
  5541 | D:8      | Killed a one-headed hydra
  5549 | D:8      | Reached skill level 5 in Armour
  5853 | D:9      | Lost mutation: You are partially covered in thin metallic scales. (AC +2) [mutagenic meat]
  5854 | D:9      | Gained mutation: You are resistant to electric shocks. (rElec) [mutagenic meat]
  5855 | D:9      | Gained mutation: Your system is resistant to poisons. (rPois) [mutagenic meat]
  5856 | D:9      | Gained mutation: Your mind is acute. (Int +2) [mutagenic meat]
  5857 | D:9      | Gained mutation: You possess an exceptional clarity of mind. [mutagenic meat]
  5971 | D:9      | Found a staircase to the Lair.
  6183 | D:9      | Reached skill level 5 in Shields
  6434 | D:9      | Gained mutation: Your flesh is heat resistant. (rF+) [mutagenic meat]
  6435 | D:9      | Gained mutation: Your body sometimes deteriorates upon taking damage. [mutagenic meat]
  6436 | D:9      | Gained mutation: You are partially covered in rugged brown scales. (AC +1, +3% HP) [mutagenic meat]
  6437 | D:9      | Gained mutation: You are partially covered in large bone plates. (SH +4) [mutagenic meat]
  6438 | D:9      | Gained mutation: You are mostly covered in rugged brown scales. (AC +2, +5% HP) [mutagenic meat]
  6439 | D:9      | Gained mutation: You have large cloven feet. [mutagenic meat]
  6589 | D:9      | Found an ancient bone altar of Kikubaaqudgha.
  6649 | D:10     | Entered Level 10 of the Dungeon
  6699 | D:10     | Reached ** piety under Qazlal
  6709 | D:10     | Noticed a two-headed ogre
  6715 | D:10     | Killed a two-headed ogre
  6715 | D:10     | Reached skill level 10 in Long Blades
  6715 | D:10     | Reached XP level 11. HP: 45/64 MP: 9/12
  6725 | D:10     | Found a staircase to the Orcish Mines.
  6998 | D:10     | Noticed Snorg
  7020 | D:10     | HP: 3/66 [Snorg (3)]
  7331 | D:11     | Noticed a two-headed ogre
  7343 | D:10     | Noticed a two-headed ogre
  7349 | D:10     | Reached skill level 6 in Shields
  7361 | D:10     | Killed a two-headed ogre
  7387 | D:11     | Killed a two-headed ogre
  7500 | D:11     | Got a pitted bronze ring
  7897 | D:11     | Identified the ring of the Turtle {rElec EV+2 Int+4} (You found it on level 11 of the Dungeon)
  8420 | D:12     | Reached *** piety under Qazlal
  8456 | D:12     | Reached skill level 7 in Shields
  8540 | D:12     | Reached skill level 1 in Invocations
  8671 | D:12     | Gained mutation: You heal very quickly. [Vine Stalker growth]
  8671 | D:12     | Reached XP level 12. HP: 67/72 MP: 13/13
  8844 | D:12     | Noticed Nessos
  9088 | D:10     | Killed Snorg
  9142 | Orc:1    | Entered Level 1 of the Orcish Mines
  9336 | Orc:2    | Entered Level 2 of the Orcish Mines
  9339 | Orc:2    | Noticed a two-headed ogre
  9391 | Orc:1    | Killed a two-headed ogre
  9391 | Orc:1    | Reached skill level 8 in Shields
  9428 | Orc:2    | Reached **** piety under Qazlal
  9647 | Orc:2    | Found a staircase to the Elven Halls.
  9759 | Orc:2    | Found Tadaziemm's Assorted Antiques.
  9779 | Orc:2    | Reached skill level 9 in Shields
  9985 | Orc:2    | Found Oriuxygi's Jewellery Shoppe.
  9985 | Orc:2    | Found Josyacwu's Antique Weapon Shop.
  9987 | Orc:2    | Found Hugick's Jewellery Boutique.
  9989 | Orc:2    | Found Repriynua's Book Emporium.
 10293 | Orc:2    | Found a bloodstained altar of Trog.
 10384 | Elf:1    | Entered Level 1 of the Elven Halls
 10391 | Elf:1    | Noticed a shock serpent
 10391 | Elf:1    | an elephant changed into a shock serpent
 10470 | Orc:2    | Reached XP level 13. HP: 44/78 MP: 15/15
 10525 | Orc:2    | Bought a +5 amulet of reflection for 618 gold pieces
 10655 | Lair:1   | Entered Level 1 of the Lair of Beasts
 10684 | Lair:1   | Reached skill level 10 in Shields
 11416 | Lair:2   | Reached ***** piety under Qazlal
 11419 | Lair:2   | Found a staircase to the Snake Pit.
 13033 | Lair:3   | Found a staircase to the Swamp.
 13140 | Lair:4   | Noticed Josephine
 13166 | Lair:4   | Killed Josephine
 13253 | Lair:4   | Reached skill level 11 in Shields
 13302 | Lair:4   | Reached XP level 14. HP: 70/85 MP: 17/17
 14136 | Lair:5   | Noticed an entropy weaver
 14192 | Lair:5   | Found a viscous altar of Jiyva.
 14192 | Lair:5   | Found a staircase to the Slime Pits.
 14214 | Lair:5   | Noticed an entropy weaver
 14233 | Lair:5   | Killed an entropy weaver
 14356 | Lair:5   | Reached skill level 12 in Shields
 14446 | Lair:5   | Killed an entropy weaver
 14446 | Lair:5   | Reached skill level 5 in Invocations
 15251 | Lair:6   | Entered Level 6 of the Lair of Beasts
 15423 | Lair:6   | Reached skill level 13 in Shields
 15423 | Lair:6   | Reached XP level 15. HP: 52/89 MP: 20/20
 15481 | Lair:6   | Reached ****** piety under Qazlal
 15678 | Lair:6   | Reached skill level 10 in Dodging
 16356 | Lair:6   | Found a runed door.
 16815 | Lair:6   | Got a bronze plate armour
 16828 | Lair:6   | Identified the +2 plate armour of the Assorted Souls {-Cast MP+9 Slay+6} (You found it on level 6 of the Lair of Beasts)
 17022 | Swamp:1  | Entered Level 1 of the Swamp
 17051 | Swamp:1  | Reached skill level 14 in Shields
 17128 | Swamp:1  | Noticed Donald
 17139 | Swamp:1  | Killed Donald
 17146 | Swamp:1  | Got a slimy shield {Donald}
 17162 | Swamp:1  | Identified the +9 shield "Neczoru" {Int+3} (You took it off Donald on level 1 of the Swamp)
 17486 | Swamp:1  | Got a crude long sword
 17487 | Swamp:1  | Identified the +8 long sword of Koceqy {holy, rF+ Str+6} (You found it on level 1 of the Swamp)
 17860 | Swamp:2  | Noticed Chiseanne's ghost (adept MiFi)
 17875 | Swamp:2  | Reached XP level 16. HP: 87/96 MP: 23/23
 18010 | Swamp:2  | Killed Chiseanne's ghost
 18348 | Swamp:2  | Found a frozen archway.
 18360 | IceCv    | Entered an ice cave
 18735 | IceCv    | Noticed an Ice Fiend
 18755 | IceCv    | Killed an Ice Fiend
 18783 | IceCv    | Got a warped steel ring
 18786 | IceCv    | Identified the ring "Nooboel" {+Fly MP+9 Str+3 SInv} (You found it in an ice cave)
 18813 | IceCv    | Got a pair of polished gloves
 18819 | IceCv    | Identified the +2 pair of gloves of the Castellan {rN+ Regen+ Int+3} (You found it in an ice cave)
 19060 | Swamp:3  | Noticed Aizul
 19075 | Swamp:3  | Killed Aizul
 19098 | Swamp:3  | Reached skill level 15 in Shields
 19925 | Swamp:4  | Entered Level 4 of the Swamp
 19957 | Swamp:4  | Reached skill level 1 in Evocations
 20028 | Swamp:4  | Reached skill level 10 in Fighting
 20059 | Swamp:4  | Reached XP level 17. HP: 96/102 MP: 24/24
 20262 | Swamp:4  | Got a decaying rune of Zot
 20631 | Snake:1  | Entered Level 1 of the Snake Pit
 20631 | Snake:1  | Noticed Agnes
 20642 | Snake:1  | Killed Agnes
 20648 | Snake:1  | Reached skill level 16 in Shields
 20756 | Snake:1  | Noticed Asterion
 20762 | Snake:1  | Noticed an Executioner
 20771 | Snake:1  | Killed Asterion
 22354 | Snake:2  | You fall through a shaft!
 22354 | Snake:3  | Noticed Bai Suzhen
 22365 | Snake:3  | Noticed Kirke
 22372 | Snake:3  | Killed Bai Suzhen
 22382 | Snake:3  | Killed Kirke
 22403 | Snake:3  | Noticed Nikola
 22405 | Snake:3  | Noticed Louise
 22427 | Snake:3  | Killed Nikola
 22427 | Snake:3  | Reached skill level 17 in Shields
 22451 | Snake:3  | Noticed Vashnia
 22452 | Snake:3  | Killed Louise
 22478 | Snake:3  | Killed Vashnia
 22491 | Snake:3  | Reached XP level 18. HP: 104/109 MP: 25/25
 23035 | Snake:4  | Entered Level 4 of the Snake Pit
 23201 | Snake:4  | Reached skill level 18 in Shields
 23765 | Snake:4  | Got a serpentine rune of Zot
 24486 | Elf:1    | Reached XP level 19. HP: 96/115 MP: 26/26
 24538 | Elf:1    | Found Ingioc's General Store.
 24916 | Elf:1    | Found Atiakk's One-of-a-Kind Books.
 25431 | Elf:2    | Found a runed gate.
 25431 | Elf:2    | Found a runed gate.
 25432 | Elf:2    | Found a runed gate.
 25559 | Elf:2    | Reached skill level 19 in Shields
 25940 | Elf:3    | Entered Level 3 of the Elven Halls
 26026 | Elf:3    | Noticed Saint Roka
 26053 | Elf:3    | Killed Saint Roka
 26370 | Elf:3    | Reached skill level 15 in Long Blades
 26758 | Elf:3    | Reached skill level 20 in Shields
 26764 | Elf:3    | Reached XP level 20. HP: 123/123 MP: 27/27
 26949 | Elf:3    | Got a steaming ring mail
 26960 | Elf:3    | Identified the +0 ring mail "Mupteg" {Dex+5} (You found it on level 3 of the Elven Halls)
 27572 | D:12     | Killed Nessos
 27900 | D:13     | Found a shattered altar of Ashenzari.
 28239 | D:13     | Found a gate to the Vaults.
 28353 | Vaults:1 | Entered Level 1 of the Vaults
 28401 | Vaults:1 | Found Lurenlei's Antique Armour Shoppe.
 28987 | Vaults:1 | Found Zes Vod's Antique Armour Boutique.
 28990 | Vaults:1 | Bought a pair of encrusted boots for 399 gold pieces
 29000 | Vaults:1 | Identified the cursed +0 pair of boots "Zaoruimiyn" {rN+ Dex-3 Stlth+} (You bought it in a shop on level 1 of the Vaults)
 29035 | Vaults:1 | Bought the +1 cloak of Starlight {rElec rC+ EV+4 Stlth--} for 1869 gold pieces
 30035 | Vaults:2 | Reached skill level 21 in Shields
 30334 | Vaults:2 | Reached XP level 21. HP: 128/128 MP: 28/28
 30609 | Vaults:2 | Found a staircase to the Crypt.
 32083 | Vaults:3 | Found a shimmering altar of Xom.
 32160 | Vaults:3 | Found Cifirof's Food Emporium.
 32395 | Vaults:3 | Reached skill level 22 in Shields
 33092 | Vaults:4 | Reached XP level 22. HP: 136/136 MP: 29/29
 33373 | Crypt:1  | Entered Level 1 of the Crypt
 33405 | Crypt:1  | Reached skill level 10 in Armour
 33572 | Crypt:1  | Got a topaz-encrusted leather armour
 33583 | Crypt:1  | Identified the cursed +1 leather armour of Catatonia {MR+ SInv} (You found it on level 1 of the Crypt)
 33888 | Crypt:1  | Lost mutation: Your body sometimes deteriorates upon taking damage. [potion of mutation]
 33888 | Crypt:1  | Lost mutation: You are mostly covered in rugged brown scales. (AC +2, +5% HP) [potion of mutation]
 33888 | Crypt:1  | Lost mutation: You are partially covered in large bone plates. (SH +4) [potion of mutation]
 33888 | Crypt:1  | Lost mutation: You possess an exceptional clarity of mind. [potion of mutation]
 33888 | Crypt:1  | Lost mutation: Your flesh is heat resistant. (rF+) [potion of mutation]
 33888 | Crypt:1  | Lost mutation: Your mind is acute. (Int +2) [potion of mutation]
 33888 | Crypt:1  | Lost mutation: You have large cloven feet. [potion of mutation]
 33888 | Crypt:1  | Gained mutation: You have sharp toenails. [potion of mutation]
 34553 | Crypt:2  | Got a warped bronze amulet
 34562 | Crypt:2  | Identified the amulet of Niubyoj {Spirit rElec SInv} (You took it off a skeletal warrior on level 2 of the Crypt)
 34663 | Crypt:2  | Reached skill level 23 in Shields
 34832 | Crypt:3  | Entered Level 3 of the Crypt
 35221 | Crypt:3  | Noticed Sojobo
 35225 | Crypt:3  | Noticed a curse toe
 35297 | Crypt:3  | Reached XP level 23. HP: 121/140 MP: 30/30
 35335 | Crypt:3  | Killed a curse toe
 35359 | Crypt:3  | Killed Sojobo
 35435 | Crypt:3  | Noticed an ancient lich
 35495 | Crypt:3  | Killed an ancient lich
 35536 | Crypt:3  | Got an ancient long sword
 35537 | Crypt:3  | Identified the +1 long sword of Evil {freeze, +Blink Str+7 Dex-4 SInv} (You found it on level 3 of the Crypt)
 35549 | Crypt:3  | Got a coiled lead amulet
 35551 | Crypt:3  | Identified the amulet "Uxtosaf" {*Slow +Rage rF+++ MR- SInv} (You found it on level 3 of the Crypt)
 35553 | Crypt:3  | Got a shimmering bone ring
 35557 | Crypt:3  | Identified the ring of Ethics {Ice rN+++ MR+++ Str-2 Slay-4} (You found it on level 3 of the Crypt)
 35637 | Crypt:3  | Found a staircase to the Tomb.
 35696 | Crypt:3  | Found a blossoming altar of Fedhas.
 35901 | Tomb:1   | Entered Level 1 of the Tomb of the Ancients
 35901 | Tomb:1   | Noticed a greater mummy
 35913 | Tomb:1   | Killed a greater mummy
 35931 | Crypt:3  | Upgraded the game from 0.20.0-9-g8272e65 to 0.20.0-10-g0535bb4
 36177 | Vaults:4 | Reached skill level 1 in Spellcasting
 36185 | Vaults:4 | Reached skill level 1 in Conjurations
 36186 | Vaults:4 | Reached skill level 24 in Shields
 36254 | Vaults:4 | Learned a level 3 spell: Conjure Flame
 36451 | Vaults:4 | Gained mutation: You are dopey. (Int -2) [mutagenic meat]
 36597 | Vaults:4 | Found Epteful's General Store.
 36902 | Vaults:4 | Reached skill level 1 in Fire Magic
 37177 | Vaults:5 | Entered Level 5 of the Vaults
 37264 | Vaults:5 | Reached skill level 5 in Conjurations
 37269 | Vaults:5 | Noticed a golden dragon
 37283 | Vaults:5 | Reached XP level 24. HP: 65/146 MP: 30/30
 37733 | Vaults:5 | Reached skill level 5 in Spellcasting
 37812 | Vaults:5 | Reached skill level 5 in Fire Magic
 38193 | Vaults:5 | Got a silver rune of Zot
 38293 | Vaults:5 | Found Xaisas's Book Shoppe.
 38763 | Vaults:5 | Identified the Reference Book on Dislocation
 38774 | Vaults:5 | Got a smoking brass ring
 38776 | Vaults:5 | Identified the ring "Zinlac" {rF- rN+ Str+4 Int+3 Stlth+} (You found it on level 5 of the Vaults)
 39332 | Tomb:1   | Reached XP level 25. HP: 134/152 MP: 33/33
 39524 | Tomb:1   | Noticed an ancient lich
 39525 | Tomb:1   | Reached skill level 25 in Shields
 39529 | Tomb:1   | Noticed a greater mummy
 39550 | Tomb:1   | Killed an ancient lich
 39628 | Tomb:1   | Killed a greater mummy
 40040 | Tomb:1   | Noticed a greater mummy
 40054 | Tomb:1   | Killed a greater mummy
 40054 | Tomb:1   | Reached skill level 15 in Fighting
 40075 | Tomb:1   | Noticed an ancient lich
 40084 | Tomb:1   | Killed an ancient lich
 40300 | Tomb:2   | Noticed a greater mummy
 40302 | Tomb:2   | Noticed a greater mummy
 40302 | Tomb:2   | Noticed a greater mummy
 40302 | Tomb:2   | Noticed a greater mummy
 40302 | Tomb:2   | Noticed Jorgrun
 40402 | Tomb:2   | Learned a level 5 spell: Fireball
 40597 | Tomb:3   | Entered Level 3 of the Tomb of the Ancients
 40601 | Tomb:3   | Noticed Chifra's ghost (legendary MiFi)
 40618 | Tomb:3   | Noticed a greater mummy
 40630 | Tomb:3   | HP: 5/152 [death scarab (15)]
 40631 | Tomb:3   | HP: 2/152 [jiangshi[a mummy priest] (5)]
 40631 | Tomb:3   | Killed by a guardian mummy's death curse

Skill      XL: |  1  2  3  4  5  6  7  8  9 10 11 12 13 14 15 16 17 18 19 20 21 22 23 24 25 |
---------------+----------------------------------------------------------------------------+-----
Long Blades    | 2 3 4 5 6 8 10 11 12 13 14 15 16 | 16.9
Fighting       | 3 4 5 6 7 8 9 10 11 12 13 14 15 | 15.1
Shields        | 3 4 5 7 9 11 13 14 15 17 18 20 21 22 23 24 25 | 25.5
Dodging        | 1 2 3 4 5 6 7 8 9 10 11 | 11.0
Armour         | 3 4 5 6 7 8 9 10 11 | 11.0
Invocations    | 1 3 5 8 |  8.8
Evocations     | 1 2 |  2.3
Spellcasting   | 3 6 |  6.6
Conjurations   | 5 9 |  9.6
Fire Magic     | 2 6 |  6.5

Action                   |  1- 3 |  4- 6 |  7- 9 | 10-12 | 13-15 | 16-18 | 19-21 | 22-24 | 25-27 || total
-------------------------+-------+-------+-------+-------+-------+-------+-------+-------+-------++-------
Melee: Long sword        |   105 |   140 |   119 |       |    25 |   956 |  1296 |  1624 |   294 ||  4559
       Bite              |    25 |    42 |   119 |   390 |   774 |   614 |   801 |  1144 |   184 ||  4093
       Great sword       |       |       |   184 |    19 |       |       |       |       |       ||   203
       Falchion          |       |       |       |   916 |  1446 |     4 |       |       |       ||  2366
       Kick              |       |       |       |    34 |       |       |    80 |       |       ||   114
       Double sword      |       |       |       |       |    77 |   122 |       |       |       ||   199
 Cast: Conjure Flame     |       |       |       |       |       |       |       |     1 |       ||     1
Invok: Upheaval          |       |       |       |     9 |     7 |     4 |     1 |     6 |       ||    27
       Elemental Force   |       |       |       |       |     2 |     2 |       |       |       ||     4
       Disaster Area     |       |       |       |       |       |     2 |     1 |     3 |     1 ||     7
 Abil: Evoke Flight      |       |       |       |       |       |     3 |     1 |       |       ||     4
Evoke: Wand              |       |       |       |     5 |       |     1 |     7 |     1 |       ||    14
       Lightning rod     |       |       |       |       |       |       |       |     4 |       ||     4
  Use: Scroll            |       |     3 |     8 |     6 |     6 |    22 |    25 |    12 |     3 ||    85
       Potion            |       |       |       |       |       |       |       |     3 |     1 ||     4
 Stab: Distracted        |       |       |       |       |     1 |     1 |       |       |       ||     2
  Eat: Chunk             |       |     4 |    15 |    30 |    21 |    13 |    27 |    18 |     1 ||   129
       Meat ration       |       |       |       |       |     1 |     1 |       |     1 |     1 ||     4
       Royal jelly       |       |       |       |       |       |     2 |     1 |       |       ||     3
       Fruit             |       |       |       |       |       |     2 |       |       |       ||     2
Armor: Scale mail        |    54 |    22 |       |       |       |       |       |       |       ||    76
       Swamp dragon scal |       |    31 |   135 |   175 |    76 |       |       |       |       ||   417
       Plate armour      |       |       |       |       |    24 |   190 |   105 |   386 |   129 ||   834
       Ice dragon scales |       |       |       |       |     2 |       |       |       |       ||     2
Dodge: Dodged            |    31 |    37 |   210 |   337 |   178 |   158 |   145 |   385 |   147 ||  1628
       Deflected         |       |       |       |    14 |     5 |    17 |    14 |    14 |     1 ||    65
Block: Shield            |    52 |    78 |    56 |   892 |  2136 |  1792 |  1857 |  2776 |   731 || 10370
       Reflection        |       |       |       |       |    11 |   198 |   178 |    75 |     2 ||   464
       Other             |       |       |       |       |     1 |       |       |       |       ||     1
       Rpst.: Long sword |     8 |     7 |    11 |       |       |    15 |    20 |    77 |    36 ||   174
       Great sword       |       |       |    58 |     2 |       |       |       |       |       ||    60
       Falchion          |       |       |       |    84 |    42 |       |       |       |       ||   126
